 Dungeon Crawl Stone Soup version 0.19-a0-1111-gcceb26a (webtiles) character file.

718 4thArraOfDagon the Grappler (level 7, -7/61 HPs)
             Began as a Troll Arcane Marksman on Aug 10, 2016.
             Mangled by a wight
             ... wielding a cursed +1 flail
              (11 damage)
             ... on level 7 of the Dungeon.
             The game lasted 00:05:41 (967 turns).

4thArraOfDagon the Grappler (Troll Arcane Marksman)  Turns: 967, Time: 00:05:42

Health: -7/61      AC:  5    Str: 20    XL:     7   Next: 42%
Magic:  7/7        EV:  9    Int: 11    God:
Gold:   62         SH:  0    Dex:  9    Spells: 1 memorised, 7 levels left

rFire  + . .     SeeInvis .       - Unarmed
rCold  + . .     Gourm    +     a - +0 robe
rNeg   . . .     Faith    .     (no shield)
rPois  +         Spirit   .     (helmet restricted)
rElec  +         Dismiss  .     (no cloak)
rCorr  +         Reflect  .     (gloves unavailable)
SustAt .         Harm     .     (boots unavailable)
MR     .....                    (no amulet)
Stlth  +.........               (no ring)
                                g - ring of resist corrosion

@: resistant, drained
A: unfitting armour, claws 3, fast metabolism 3, gourmand, regeneration 2,
shaggy fur 1, tough skin 2
a: no special abilities


You were on level 7 of the Dungeon.
You were full.

You visited 1 branch of the dungeon, and saw 8 of its levels.
You also visited: Bailey.

You collected 62 gold pieces.

Inventory:

Missiles
 c - 5 large rocks (quivered)
Armour
 a - a +0 robe (worn)
Jewellery
 g - a ring of resist corrosion (left claw)
Scrolls
 e - a scroll of fog {unknown}
 l - a scroll of silence
 m - a scroll of identify
Potions
 h - a potion of curing
Books
 b - a book of Debilitation

   Spells                             Type                      Level
   a - Corona                         Hexes                        1
   b - Slow                           Hexes                        2
   c - Gell's Gravitas                Hexes/Translocation          3
   d - Inner Flame                    Hexes/Fire                   3
   e - Cause Fear                     Hexes                        4
   f - Leda's Liquefaction            Hexes/Earth                  4
Comestibles
 f - 4 bread rations
 i - a meat ration
 j - a royal jelly


   Skills:
 - Level 0.7(0.0) Fighting
 - Level 1.7(0.9) Throwing
 - Level 1.5(0.7) Dodging
 * Level 8.2(7.2) Unarmed Combat
 - Level 1.0(0.2) Spellcasting
 - Level 2.0(1.2) Hexes


You had 7 spell levels left.
You knew the following spells:

 Your Spells              Type           Power        Failure   Level  Hunger
a - Corona                Hex            #......      24%         1    ##.....


Dungeon Overview and Level Annotations

Branches:
Dungeon (8/15)
 Temple: D:4-7         Lair: D:8-11

Altars:
Elyvilon

Annotations:
D:5 Dowan, Duvessa


Innate Abilities, Weirdness & Mutations

You are too large for most types of armour.
You have claws for hands.
Your metabolism is lightning-fast.
You like to eat raw meat.
You heal very quickly.
You are covered in fur. (AC +1)
You have very tough skin. (AC +2)


Message History

You closely miss the wight. The wight closely misses you.
You barely miss the wight. You scratch the wight.
The wight is lightly damaged.
The wight hits you but does no damage.
You scratch the wight.
The wight is heavily damaged.
The wight barely misses you.
You closely miss the wight.
The wight is heavily damaged.
The wight hits you with an enchanted flail!
* * * LOW HITPOINT WARNING * * *
You feel drained.
* * * LOW HITPOINT WARNING * * *
You barely miss the wight.
The wight is heavily damaged.
You claw the wight!
The wight is almost destroyed.
The wight hits you with an enchanted flail!
You die...

♣♣♣....# #.. .
♣♣......#### ### #. ♣♣≈
♣..........# ≈≈. ..
####.#####... #≈.. ♣♣.P
#.# ## #.... ....#####.#
...♣.
......^.###########.....
#####.###..z.....).)..(#
........##@#############
#..................#
##.###.############# #.
#.# #. ..# ## ##.# ###


You could see a wight.

Vanquished Creatures
  Grinder (D:5)
  A phantom (D:6)
  A giant frog (D:7)
  A scorpion (D:7)
  2 wights (D:7)
  2 crimson imps
  A giant frog zombie (D:7)
  2 orc wizards (D:5)
  A howler monkey zombie (D:7)
  2 adders (D:2)
  A gnoll (D:7)
  A shadow imp (D:7)
  An adder skeleton (D:7)
  A worm (D:3)
  A giant gecko (D:2)
  10 orcs
  A bat (D:2)
  A giant cockroach (D:7)
  4 goblins
  A hobgoblin (D:2)
  2 jackals (D:2)
  A quokka (D:7)
  2 giant newts
  A kobold (D:2)
  A rat (D:3)
43 creatures vanquished.

Vanquished Creatures (others)
  A quokka (D:7)
1 creature vanquished.

Grand Total: 44 creatures vanquished

Notes
Turn   | Place    | Note
-------+----------+-------------------------------------------
     0 | D:1      | 4thArraOfDagon the Troll Arcane Marksman began the quest for the Orb.
     0 | D:1      | Reached XP level 1. HP: 18/18 MP: 1/1
    93 | D:1      | 4thArraOfDagon: no particular reason
   174 | D:2      | Reached skill level 1 in Unarmed Combat
   286 | D:2      | Reached skill level 2 in Unarmed Combat
   286 | D:2      | Reached XP level 2. HP: 26/26 MP: 2/2
   363 | D:3      | Reached XP level 3. HP: 20/32 MP: 3/3
   378 | D:5      | Entered Level 5 of the Dungeon
   378 | D:5      | Noticed Grinder
   396 | D:5      | Killed Grinder
   396 | D:5      | Reached skill level 5 in Unarmed Combat
   396 | D:5      | Reached XP level 4. HP: 17/40 MP: 4/4
   396 | D:5      | Reached XP level 5. HP: 20/46 MP: 5/5
   464 | D:5      | Reached XP level 6. HP: 35/54 MP: 6/6
   487 | D:5      | Reached skill level 6 in Unarmed Combat
   520 | D:5      | Noticed Dowan
   521 | D:5      | Noticed Duvessa
   630 | D:7      | Found a flagged portal.
   647 | Bailey   | Entered a bailey
   717 | D:7      | Reached skill level 7 in Unarmed Combat
   791 | D:6      | Reached XP level 7. HP: 36/61 MP: 7/7
   922 | D:7      | Found a white marble altar of Elyvilon.
   927 | D:7      | Reached skill level 8 in Unarmed Combat
   964 | D:7      | HP: 2/61 [wight/enchanted flail (3)]
   967 | D:7      | Mangled by a wight

Vault maps used:
D:1:      shiori_arrival_oz
D:3:      minmay_misc_feat_x
D:4:      portal_sewer_entry_d, fedhas_altar_3, uniq_natasha
D:5:      first_bread, uniq_duvessa, uniq_grinder
D:6:      kiku_gazebo_garden_becter
D:7:      elyvilon_altar_4, lightli_bailey_entry_fortress, serial_bayou_crossing
D:8:      serial_shops, shop, blue_anna_alchemist
Bailey:   bailey_polearm_flooded_kennysheep, bailey

Skill      XL: |  1  2  3  4  5  6  7 |
---------------+----------------------+-----
Unarmed Combat | 2 5 7 8 |  8.2
Fighting       | |  0.7
Throwing       | |  1.7
Dodging        | |  1.5
Spellcasting   | |  1.0
Hexes          | |  2.0

Action                   |  1- 3 |  4- 6 |  7- 9 || total
-------------------------+-------+-------+-------++-------
Melee: Unarmed           |    56 |    85 |    31 ||   172
       Punch             |       |     2 |       ||     2
Throw: Large rock        |     5 |       |       ||     5
       Throwing net      |     2 |       |     1 ||     3
  Use: Potion            |     1 |       |     1 ||     2
       Scroll            |       |     2 |       ||     2
  Eat: Chunk             |     8 |     3 |       ||    11
Armor: Robe              |    25 |    20 |     7 ||    52
Dodge: Dodged            |    40 |    32 |     9 ||    81
